 Dungeon Crawl Stone Soup version 0.22-a0-305-gd21a89c (webtiles) character file.

133 Borgoz the Skirmisher (level 5, -2/47 HPs)
             Began as a Hill Orc Abyssal Knight on Mar 31, 2018.
             Was a Believer of Lugonu.
             Slain by a white imp (5 damage)
             ... summoned by Natasha
             ... on level 3 of the Dungeon.
             The game lasted 00:03:38 (2611 turns).

Borgoz the Skirmisher (Hill Orc Abyssal Knight)     Turns: 2611, Time: 00:03:39

Health: -2/47      AC:  3    Str: 15    XL:     5   Next: 16%
Magic:  7/7        EV: 12    Int: 12    God:    Lugonu [**....]
Gold:   174        SH:  0    Dex: 11    Spells: 4/4 levels left

rFire    . . .     SeeInvis .   a - +1 hand axe
rCold    . . .     Gourm    .   (no shield)
rNeg     . . .     Faith    +   b - +0 leather armour
rPois    .         Spirit   .   (no helmet)
rElec    .         Reflect  .   (no cloak)
rCorr    .         Harm     .   (no gloves)
MR       .....                  (no boots)
Stlth    +.........             d - amulet of faith
HPRegen  0.15/turn              (no ring)
MPRegen  0.10/turn              (no ring)

@: slowed, very slow
A: no striking features
a: Depart the Abyss, Bend Space, Renounce Religion


You were on level 3 of the Dungeon.
You worshipped Lugonu.
Lugonu was pleased with you.
You were not hungry.

You visited 1 branch of the dungeon, and saw 3 of its levels.
You visited the Abyss 1 time.

You collected 174 gold pieces.

Inventory:

Hand Weapons
 a - a +1 hand axe (weapon)
 i - a +0 hand axe of electrocution
Armour
 b - a +0 leather armour (worn)
Jewellery
 d - an amulet of faith (around neck)
Scrolls
 e - 2 scrolls of enchant armour {unknown}
 h - 2 scrolls of teleportation {unknown}
Potions
 f - a potion of berserk rage {unknown}
 g - a potion of curing {unknown}
 j - 2 potions of brilliance {unknown}
 k - a potion of flight {unknown}
Comestibles
 c - 5 rations


   Skills:
 + Level 4.4 Fighting
 + Level 3.9 Axes
 + Level 3.1 Armour
 + Level 1.8 Dodging
 + Level 3.6 Invocations


You had 4 spell levels left.
You didn't know any spells.

Dungeon Overview and Level Annotations

Branches:
Dungeon (3/15)

Altars:
Cheibriados
Zin

Annotations:
D:3 Natasha


Message History

Natasha is severely wounded.
You hit the white imp. Natasha claws you.
* * * LOW HITPOINT WARNING * * *
The white imp hits you but does no damage.
Natasha barely misses you.
The white imp laughs crazily.
The white imp completely misses you.
You hit Natasha.
Natasha is almost dead.
You hit the white imp. Natasha misses you. The white imp barely misses you.
Natasha claws you but does no damage.
You miss Natasha.
Natasha is almost dead.
You barely miss the white imp. The white imp barely misses you.
Natasha claws you.
* * * LOW HITPOINT WARNING * * *
The white imp hits you.
* * * LOW HITPOINT WARNING * * *
The white imp freezes you.
You die...

##...........# #.########
#..............# #.!......#
..############.###........#
..# ...#........# ..#
###########.##.......#
..####...รท.....#..........#
.....#.#....)....#........#
#.##.#.#...........^......#
..##'#.#........@###+######
###....#.......h5#
#....#.........#
#....##########..
#...........# .##
##.#........# .#
##.#........# ..
#..'........# ..
####........#


You could see Natasha and a white imp.

Vanquished Creatures
  Natasha (D:3)
  A worker ant (D:3)
  2 adders
  A worm (D:2)
  A dart slug (D:2)
  4 leopard geckos
  A ball python (D:1)
  11 bats
  8 goblins
  3 hobgoblins (D:1)
  11 jackals
  2 kobolds
  3 frilled lizards
  9 rats
58 creatures vanquished.

Notes
Turn   | Place    | Note
-------+----------+-------------------------------------------
     0 | Abyss:1  | Borgoz the Hill Orc Abyssal Knight began the quest for the Orb.
     0 | Abyss:1  | Reached XP level 1. HP: 19/19 MP: 2/2
    73 | Abyss:2  | Noticed a flying skull
    73 | Abyss:2  | Noticed a flying skull
    74 | Abyss:2  | Noticed a flying skull
    74 | Abyss:2  | Noticed a flying skull
    74 | D:1      | Escaped the Abyss
   257 | D:1      | Reached skill level 1 in Dodging
   257 | D:1      | Reached XP level 2. HP: 27/27 MP: 3/3
   291 | D:1      | Reached * piety under Lugonu
   683 | D:1      | Reached XP level 3. HP: 32/33 MP: 5/5
   751 | D:1      | Reached skill level 4 in Fighting
  1143 | D:2      | Found a glowing silver altar of Zin.
  1293 | D:2      | Found a snail-covered altar of Cheibriados.
  1365 | D:2      | Reached XP level 4. HP: 32/40 MP: 6/6
  2212 | D:3      | Reached ** piety under Lugonu
  2341 | D:3      | Noticed Natasha
  2351 | D:3      | Killed Natasha
  2351 | D:3      | Reached XP level 5. HP: 9/47 MP: 7/7
  2602 | D:3      | Noticed Natasha
  2611 | D:3      | Slain by a white imp

Vault maps used:
D:1:      roderic_octagonal_star, grunt_decor_clamped
D:2:      lemuel_doored_altar, zin_treasury
D:3:      first_ration, st_stairs_4, uniq_natasha

Skill      XL: |  1  2  3  4 |
---------------+-------------+-----
Dodging        | 1 |  1.8
Axes           | 3 |  3.9
Fighting       | 4 |  4.4
Invocations    | 3 |  3.6
Armour         | 3 |  3.1

Action                   |  1- 3 |  4- 6 || total
-------------------------+-------+-------++-------
Melee: Hand axe          |   126 |    78 ||   204
Invok: Depart the Abyss  |     1 |       ||     1
  Eat: Chunk             |     2 |     4 ||     6
Armor: Leather armour    |    31 |    34 ||    65
Dodge: Dodged            |    76 |    77 ||   153

Table legend:
 A = Spawn XP
 B = Non-spawn XP
 C = Spawn XP percentage of total XP
 D = Spawn monster count
 E = Non-spawn monster count
 F = Spawn count percentage of total count
 G = Total turns spent on level
                    A         B        C        D         E        F      G
               +---------+---------+-------+---------+---------+-------+---------
         Total |       0 |     190 |   0.0 |       0 |      58 |   0.0 |  2611
               +---------+---------+-------+---------+---------+-------+---------
           D:1 |       0 |      45 |   0.0 |       0 |      27 |   0.0 |  1040
           D:2 |       0 |      55 |   0.0 |       0 |      21 |   0.0 |   971
           D:3 |       0 |      90 |   0.0 |       0 |      10 |   0.0 |   526
               +---------+---------+-------+---------+---------+-------+---------
